 Dungeon Crawl Stone Soup version 0.32-a0-30-gefbe487952 (webtiles) character file.

Game seed: 12335661020644193135

102 dialectric the Trooper (level 4, -8/39 (41) HPs)
             Began as a Minotaur Fighter on Jan 20, 2024.
             Mangled by Crazy Yiuf
             ... wielding a +4 quarterstaff of chaos
              (10 damage)
             ... on level 2 of the Dungeon.
             The game lasted 00:01:33 (1577 turns).

dialectric the Trooper (Minotaur Fighter)           Turns: 1577, Time: 00:01:33

HP:   -8/39 (41)    AC:  9    Str: 21    XL:     4   Next: 49%
MP:   0/3           EV: 10    Int:  5    God:
Gold: 199           SH:  0    Dex: 11    Spells: 3/3 levels left

rFire   . . .        a - +0 long sword
rCold   + . .        (no shield)
rNeg    . . .        l - +2 scale mail {rC+}
rPois   .            (helmet restricted)
rElec   .            (no cloak)
rCorr   .            (no gloves)
SInv    .            (no boots)
Will    .....        (no amulet) Stlth
                     (no ring)
HPRegen 0.26/turn    (no ring)
MPRegen 0.08/turn

%: no passive effects
@: mighty, lightly drained
A: horns 2, retaliatory headbutt
a: no special abilities


You were on level 2 of the Dungeon.
You visited 1 branch of the dungeon, and saw 2 of its levels.

You collected 199 gold pieces.

Inventory:

Hand Weapons
 a - a +0 long sword (weapon)
 m - a +0 dire flail
Missiles
 o - a poisoned dart (quivered)
Armour
 b - a +0 scale mail
 c - a +0 buckler
 h - a +0 plate armour
 l - a +2 scale mail of cold resistance (worn)
Jewellery
 i - an amulet of faith
Scrolls
 f - a scroll of fear {unknown}
 j - a scroll of amnesia {unknown}
 k - 5 scrolls of identify {unknown}
 n - a scroll of teleportation {unknown}
 p - 4 scrolls of blinking {unknown}
 q - a scroll of brand weapon {unknown}
Potions
 e - a potion of heal wounds {unknown}
 g - a potion of berserk rage {unknown}


   Skills:
 + Level 4.3 Fighting
 + Level 3.3 Long Blades
 + Level 4.3 Armour
 * Level 2.6 Dodging
 - Level 3.6 Shields


You had 3 spell levels left.
You didn't know any spells.
Your spell library contained the following spells:

 Spells                   Type           Power      Damage    Failure   Level
 Blink                    Tloc           0%         N/A       91%         2
 Lesser Beckoning         Tloc           0%         N/A       91%         2
 Momentum Strike          Conj/Tloc      0%         3d8       91%         2


Dungeon Overview and Level Annotations

Branches:
Dungeon (2/15)

Altars:
Dithmenos

Annotations:
D:2 Crazy Yiuf


Innate Abilities, Weirdness & Mutations

You have a pair of horns on your head.
You reflexively headbutt those who attack you in melee.


Message History

No target in view!
No target in view!
You see here a +0 ring mail.
There is a stone staircase leading down here.
Crazy Yiuf shouts!
Crazy Yiuf yells, "Paint return to song unthinkable!"
No reachable target in view!
Could not explore, unopened runed door.
No reachable target in view!
Could not explore, unopened runed door.
Could not explore, unopened runed door.
No reachable target in view!
No reachable target in view!
You open the door.
Throw: 2 darts (poison)
Press: ? - help, Q - select action Shift-Dir - straight line, f - Crazy Yiuf
Aim: Crazy Yiuf, wielding a +4 quarterstaff of chaos and wearing a +0 cloak (58% to hit)
You throw a poisoned dart.
The poisoned dart barely misses Crazy Yiuf.
Crazy Yiuf hits you with a +4 quarterstaff of chaos.
Unknown command.
Crazy Yiuf attacks as he pursues you!
Crazy Yiuf hits you with a +4 quarterstaff of chaos!
You feel your power leaking away.
You feel very mighty all of a sudden.
Crazy Yiuf screams, "Hah dark wrapper!"
Crazy Yiuf hits you with a +4 quarterstaff of chaos!
* * * LOW HITPOINT WARNING * * *
You feel drained.
* * * LOW HITPOINT WARNING * * *
You hit Crazy Yiuf.
Crazy Yiuf is moderately wounded.
Crazy Yiuf hits you with a +4 quarterstaff of chaos.
* * * LOW HITPOINT WARNING * * *
You hit Crazy Yiuf.
Crazy Yiuf is moderately wounded.
Crazy Yiuf hits you with a +4 quarterstaff of chaos.
* * * LOW HITPOINT WARNING * * *
Crazy Yiuf hits you with a +4 quarterstaff of chaos!
You die...

#...................
#....########...####
##..## ##.## #....#
#######.##### ##...#
#............ ##.##
#.#####.##### ##.#
#.# #.# #.## #.# #.#
##@# #.# #.# #g##
#.#####.# #'#
#.......# ...
#.####.## #...# #.#
#.# #)(.# #.# #.# #
##### #.####.######
#............
###########.####.#


You could see Crazy Yiuf.

Vanquished Creatures
  Terence (D:2)
  4 adders (D:2)
  A ribbon worm (D:2)
  A dart slug (D:2)
  3 bats
  3 endoplasms
  2 giant cockroaches
  3 goblins (D:2)
  2 hobgoblins (D:1)
  2 quokkas (D:2)
  6 ball pythons
  7 frilled lizards
  A kobold (D:2)
  2 rats
38 creatures vanquished.

Notes
Turn   | Place    | Note
-------+----------+-------------------------------------------
     0 | D:1      | dialectric the Minotaur Fighter began the quest for the
                  | Orb.
     0 | D:1      | Reached XP level 1. HP: 19/19 MP: 0/0
   386 | D:1      | Reached XP level 2. HP: 27/27 MP: 1/1
   531 | D:1      | Reached skill level 1 in Dodging
   793 | D:2      | Noticed Terence
   802 | D:2      | Killed Terence
   803 | D:2      | Reached XP level 3. HP: 8/33 MP: 2/2
   966 | D:2      | Reached XP level 4. HP: 40/40 MP: 3/3
  1146 | D:2      | Found a runed translucent door.
  1147 | D:2      | Noticed Crazy Yiuf
  1172 | D:2      | Found a shadowy altar of Dithmenos.
  1577 | D:2      | Mangled by Crazy Yiuf

Illustrated notes

Levels and vault maps discovered:
D:1:      heliophobic_arrival_dark_side_of_the_moon, layout_basic,
          chequers_serial_rivers_room_b
D:2:      layout_loops_ring, basic_altar, dreamdust_princess_corridor,
          minmay_tetromino_t4, uniq_crazy_yiuf_cottage, uniq_terence

Skill      XL: |  1  2 |
---------------+-------+-----
Dodging        | 2 |  2.6
Fighting       | 4 |  4.3
Armour         | 4 |  4.3
Long Blades    | 3 |  3.3
Shields        | |  3.6

Action                     |  1- 3 |  4- 6 || total
---------------------------+-------+-------++-------
  Melee: Long sword        |    74 |    34 ||   108
         Headbutt          |     6 |     5 ||    11
  Throw: Dart              |       |     1 ||     1
    Use: Potion            |       |     1 ||     1
 Armour: Scale mail        |    56 |    24 ||    80
  Dodge: Dodged            |    48 |    23 ||    71

Table legend: (Time is in decaauts)
 A = Elapsed time spent in this place.
 B = Non-inter-level travel time spent in this place.
 C = Inter-level travel time spent in this place.
 D = Time resting spent in this place.
 E = Time spent auto-exploring this place.
 F = Levels seen in this place.
 G = Mean time per level.
                   A        B        C        D        E       F      G
               +--------+--------+--------+--------+--------+-----+--------+
         Total |   1604 |   1578 |     26 |      0 |   1245 |   2 |  802.0 |
       Dungeon |   1604 |   1578 |     26 |      0 |   1245 |   2 |  802.0 |
               +--------+--------+--------+--------+--------+-----+--------+

Top non-repeatable levels by time:
     D:2: 880 daAuts
     D:1: 723 daAuts
